 Dungeon Crawl Stone Soup version 0.30-a0-672-gc3a7216ad8 (webtiles) character file.

Game seed: 17332416789285163418

196 Leeroy the Ducker (level 5, -2/30 HPs)
             Began as a Tengu Warper on Jan 18, 2023.
             Killed by divine providence
             ... invoked by an orc priest
              (16 damage)
             ... on level 3 of the Dungeon.
             The game lasted 00:03:50 (2924 turns).

Leeroy the Ducker (Tengu Warper)                    Turns: 2924, Time: 00:03:51

Health: -2/30      AC:  6    Str: 11    XL:     5   Next: 74%
Magic:  9/9        EV: 16    Int: 14    God:
Gold:   107        SH:  0    Dex: 15    Spells: 8/8 levels left

rFire   . . .      SeeInvis .    o - +10 hammer "Ixteotao" {freeze, rN++ Stlth+}
rCold   . . .      Faith    .    (no shield)
rNeg    + + .      Spirit   .    b - +0 leather armour
rPois   +          Reflect  .    (helmet restricted)
rElec   .          Harm     .    w - +2 cloak {rPois}
rCorr   .          Rampage  .    (no gloves)
Will    .....                    (boots unavailable)
Stlth   ++                       (no amulet)
HPRegen 0.25/turn                (no ring)
MPRegen 0.11/turn                (no ring)

@: flying quickly and evasively, quick
A: beak, talons 3, nimble flight
a: no special abilities


You were on level 3 of the Dungeon.
You visited 1 branch of the dungeon, and saw 3 of its levels.

You collected 107 gold pieces.

Inventory:

Hand Weapons
 a - a +0 falchion
 m - a +3 hammer
 n - the +6 hammer of Indomitability {vamp, *Slow rPois rN+ Dex+6}
   (You found it on level 2 of the Dungeon)

   Dex:       It affects your dexterity (+6).
   rPois:     It protects you from poison.
   rN:        It protects you from negative energy.
   *Slow:     It may slow you when you take damage.
 o - the +10 hammer "Ixteotao" (weapon) {freeze, rN++ Stlth+}
   (You found it on level 2 of the Dungeon)

   rN:        It greatly protects you from negative energy.
   Stlth:     It makes you more stealthy.
 v - a +4 quarterstaff of chaos
 x - a +0 heavy hammer
Missiles
 d - 7 boomerangs of dispersal (quivered)
 r - 2 throwing nets
Armour
 b - a +0 leather armour (worn)
 w - a +2 cloak of poison resistance (worn)
Jewellery
 g - an amulet of the acrobat
 q - a +4 ring of slaying
Scrolls
 c - a scroll of blinking
 f - a scroll of enchant armour {unknown}
 h - 2 scrolls of amnesia {unknown}
 i - a scroll of vulnerability {unknown}
 p - 2 scrolls of identify {unknown}
 s - 3 scrolls of poison {unknown}
 t - a scroll of noise {unknown}
Potions
 e - a potion of might {unknown}
 j - a potion of resistance {unknown}
 k - a potion of heal wounds {unknown}
 l - 3 potions of curing {unknown}
 u - a potion of invisibility {unknown}
 z - a potion of magic {unknown}


   Skills:
 - Level 2.0 Fighting
 - Level 4.0 Long Blades
 - Level 1.0 Throwing
 - Level 1.1 Armour
 * Level 5.3 Dodging
 - Level 2.0 Spellcasting
 - Level 2.4 Translocations


You had 8 spell levels left.
You didn't know any spells.
Your spell library contained the following spells:

 Spells                   Type           Power      Damage    Failure   Level
 Apportation              Tloc           16%        N/A       12%         1
 Blink                    Tloc           16%        N/A       19%         2
 Lesser Beckoning         Tloc           16%        N/A       19%         2
 Teleport Other           Tloc           8%         N/A       34%         3
 Vhi's Electric Charge    Tloc/Air       8%         N/A       50%         3
 Manifold Assault         Tloc           8%         N/A       75%         4
 Alistair's Intoxication  Tmut/Pois      0%         N/A       100%        5


Dungeon Overview and Level Annotations

Branches:
Dungeon (3/15)

Altars:


Innate Abilities, Weirdness & Mutations

You have a beak for a mouth.
You have claws for feet.
Your magical nature lets you fly swiftly and evasively.


Message History

There are monsters nearby!
An orc comes into view. It is wielding a +0 dagger.
You hit the orc. You freeze the orc. You claw the orc.
Your peck misses the orc.
The orc is heavily wounded.
The orc shouts!
You hear a shout! x2
The orc barely misses you.
You sock the orc! You freeze the orc.
You kill the orc!
An orc priest comes into view. It is wielding a +0 club.
You barely miss the orc. The orc hits you with a +0 whip.
An orc priest comes into view. It is wielding a +0 club.
You barely miss the orc. The orc hits you but does no damage.
You closely miss the orc. You claw the orc.
The orc is moderately wounded.
The orc barely misses you. The orc closely misses you.
The orc priest looks encouraged for a moment.
You sock the orc! You freeze the orc.
You kill the orc!
You completely miss the orc. You claw the orc, but do no damage.
The orc barely misses you.
You sock the orc! You freeze the orc.
You kill the orc!
The orc priest invokes the aid of Beogh against you.
Pain shoots through your body!
You thump the orc priest! You freeze the orc priest.
Your kick misses the orc priest.
The orc priest is almost dead.
The orc priest hits you but does no damage.
The orc priest calls down the wrath of Beogh upon you.
Beogh smites you!
You are too injured to fight recklessly!
You are too injured to fight recklessly!
You barely miss the orc priest.
The orc priest is almost dead.
The orc priest completely misses you.
The orc priest calls down the wrath of Beogh upon you.
Beogh smites you!
Ouch! That really hurt!
You die...

#####
#...#
#.#.#
#.#<#
#.###.#
#.@oo.#
#######


You could see 2 orc priests.

Vanquished Creatures
  Crazy Yiuf (D:2)
  Natasha (thrice) (D:2)
  4 gnolls (D:2)
  An adder (D:2)
  A dart slug (D:2)
  3 orcs (D:3)
  5 ball pythons
  4 endoplasms
  A giant cockroach (D:2)
  5 goblins
  5 hobgoblins
  2 jackals (D:1)
  3 kobolds
  2 quokkas
  3 bats
  5 frilled lizards
  3 rats
51 creatures vanquished.

Vanquished Creatures (others)
  A fungus (D:2)
1 creature vanquished.

Grand Total: 52 creatures vanquished

Notes
Turn   | Place    | Note
-------+----------+-------------------------------------------
     0 | D:1      | Leeroy the Tengu Warper began the quest for the Orb.
     0 | D:1      | Reached XP level 1. HP: 12/12 MP: 4/4
   211 | D:1      | Reached XP level 2. HP: 12/17 MP: 6/6
   906 | D:1      | Reached XP level 3. HP: 21/21 MP: 7/7
  1130 | D:2      | Identified the +6 hammer of Indomitability {vamp, *Slow
                  | rPois rN+ Dex+6}
  1133 | D:2      | Identified the +10 hammer "Ixteotao" {freeze, rN++ Stlth+}
  1225 | D:2      | Noticed Natasha
  1229 | D:2      | Killed Natasha
  1230 | D:2      | Reached skill level 3 in Dodging
  1230 | D:2      | Reached XP level 4. HP: 12/26 MP: 8/8
  1780 | D:2      | Found a faded altar of an unknown god.
  1852 | D:2      | Noticed Natasha
  1857 | D:2      | Killed Natasha
  1858 | D:2      | Reached skill level 4 in Dodging
  1914 | D:2      | Noticed Natasha
  1932 | D:2      | Killed Natasha
  1933 | D:2      | Gained mutation: Your magical nature lets you fly swiftly
                  | and evasively. [Tengu growth]
  1933 | D:2      | Reached XP level 5. HP: 26/30 MP: 9/9
  2010 | D:2      | Found a runed translucent door.
  2011 | D:2      | Noticed Crazy Yiuf
  2019 | D:2      | Killed Crazy Yiuf
  2057 | D:2      | Reached skill level 5 in Dodging
  2924 | D:3      | Killed from afar by an orc priest

Illustrated notes

Levels and vault maps discovered:
D:1:      minmay_arrival_up_and_down, layout_basic, minmay_quantized
D:2:      layout_loops_ring, hellmonk_ecumenical_altar_inner_sanctum,
          uniq_natasha, uniq_crazy_yiuf_cottage
D:3:      layout_basic, minmay_hedge_maze

Skill      XL: |  1  2  3  4  5 |
---------------+----------------+-----
Long Blades    | 3 4 |  4.0
Dodging        | 3 4 5 |  5.3
Fighting       | |  2.0
Throwing       | |  1.0
Armour         | |  1.1
Spellcasting   | |  2.0
Translocations | |  2.4

Action                   |  1- 3 |  4- 6 || total
-------------------------+-------+-------++-------
Melee: Falchion          |    66 |       ||    66
       Kick              |    13 |     8 ||    21
       Peck              |     6 |     5 ||    11
       Mace              |     7 |    38 ||    45
 Stab: Sleeping          |     1 |     2 ||     3
       Distracted        |       |     1 ||     1
Armor: Leather armour    |    27 |     5 ||    32
Dodge: Dodged            |    81 |    35 ||   116

Table legend: (Time is in decaauts)
 A = Elapsed time spent in this place.
 B = Non-inter-level travel time spent in this place.
 C = Inter-level travel time spent in this place.
 D = Time resting spent in this place.
 E = Time spent auto-exploring this place.
 F = Levels seen in this place.
 G = Mean time per level.
                   A        B        C        D        E       F      G
               +--------+--------+--------+--------+--------+-----+--------+
         Total |   2938 |   2862 |     76 |    870 |   1534 |   3 |  979.3 |
       Dungeon |   2938 |   2862 |     76 |    870 |   1534 |   3 |  979.3 |
               +--------+--------+--------+--------+--------+-----+--------+

Top non-repeatable levels by time:
     D:2: 1672 daAuts
     D:1: 1244 daAuts
     D:3: 22 daAuts
